 Dungeon Crawl Stone Soup version 0.28.0-47-ge53b351184 (webtiles) character file.

Game seed: 14550275926250932977

76 Exodus22XD the Covered (level 4, 30/40 HPs)
             Began as a Minotaur Fighter on May 8, 2022.
             Was a Follower of Makhleb.
             Quit the game on level 3 of the Dungeon.
             The game lasted 00:01:33 (1847 turns).

Exodus22XD the Covered (Minotaur Fighter)           Turns: 1847, Time: 00:01:33

Health: 30/40      AC:  8    Str: 22    XL:     4   Next: 12%
Magic:  3/3        EV:  9    Int:  5    God:    Makhleb [*.....]
Gold:   51         SH:  4    Dex: 10    Spells: 3/3 levels left

rFire   . . .      SeeInvis .   a - +0 war axe
rCold   . . .      Faith    .   c - +0 buckler
rNeg    . . .      Spirit   .   b - +0 scale mail
rPois   .          Reflect  .   (helmet restricted)
rElec   .          Harm     .   (no cloak)
rCorr   .          Rampage  .   (no gloves)
Will    .....                   f - +0 pair of boots
Stlth   ..........              (no amulet)
HPRegen 0.13/turn               (no ring)
MPRegen 0.08/turn               (no ring)

@: no status effects
A: horns 2, retaliatory headbutt
a: Renounce Religion


You were on level 3 of the Dungeon.
You worshipped Makhleb.
Makhleb was aware of your devotion.
You visited 1 branch of the dungeon, and saw 3 of its levels.

You collected 51 gold pieces.

Inventory:

Hand Weapons
 a - a +0 war axe (weapon)
Missiles
 l - a throwing net (quivered)
Armour
 b - a +0 scale mail (worn)
 c - a +0 buckler (worn)
 f - a +0 pair of boots (worn)
Scrolls
 d - a scroll of enchant armour {unknown}
 g - a scroll of holy word {unknown}
 h - a scroll of fear {unknown}
 i - 2 scrolls of teleportation {unknown}
 k - 3 scrolls of identify {unknown}
Potions
 e - 2 potions of invisibility {unknown}
 j - a potion of degeneration {unknown}


   Skills:
 + Level 4.1 Fighting
 + Level 3.2 Axes
 + Level 4.7 Armour
 - Level 0.3 Dodging
 + Level 4.2 Shields


You had 3 spell levels left.
You didn't know any spells.
Your spell library contained the following spells:

 Spells                   Type           Power      Damage    Failure   Level
 Blink                    Tloc           0%         N/A       95%         2
 Lesser Beckoning         Tloc           0%         N/A       99%         3
 Manifold Assault         Tloc           0%         N/A       100%        5


Dungeon Overview and Level Annotations

Branches:
Dungeon (3/15)

Altars:
Makhleb


Innate Abilities, Weirdness & Mutations

You have a pair of horns on your head.
You reflexively headbutt those who attack you in melee.


Message History

Found a faded altar of an unknown god.
The orc shouts!
There are monsters nearby!
There are monsters nearby!
There are monsters nearby!
You hit the goblin.
You kill the goblin!
The orc barely misses you. You furiously retaliate!
You headbutt the orc!
You kill the orc!
Things that are here:
a +0 dagger; a goblin corpse No target in view!
Things that are here:
a +0 hand axe; an orc corpse No target in view!
i - 2 scrolls labelled EHANE FUEWIEQO (gained 1)
An adder comes into view.
The adder hisses angrily.
You see here 11 arrows.
You closely miss the adder. The adder bites you but does no damage.
The adder bites you.
You are poisoned.
The adder poisons you!
You slash the adder!
You kill the adder!
You feel very sick.
You have reached level 4!
You feel agile.
You feel sick.
You feel sick.
You feel sick.
You feel sick.
You feel sick.
You are no longer poisoned.
There is a faded altar of an unknown god here.
You cannot tell which god this altar belongs to.
Convert to them anyway?
Makhleb accepts your prayer! Makhleb welcomes you!
You can now gain health from killing.
Are you sure you want to abandon this character and quit the game? (Confirm with "yes".)

#.......#######.##
#.........)......#
.#####.(..............#
......†..........).....#
#.###..................#
#..................#
#......♣...........#
##.P.♣♣............#
#.P♣P@.P..........#
...P♣♣♣P...........#
..... P♣............
#.... . ....... #.# ..
..#.##. .# ..#.# #. .##
#


There were no monsters in sight!

Vanquished Creatures
  An adder (D:3)
  2 gnolls (D:2)
  2 worms (D:2)
  A dart slug (D:2)
  An orc (D:3)
  2 ball pythons (D:1)
  4 endoplasms
  A giant cockroach (D:2)
  2 goblins
  2 hobgoblins (D:1)
  A quokka (D:1)
  9 bats
  3 frilled lizards (D:1)
  6 kobolds
  4 rats
41 creatures vanquished.

Vanquished Creatures (others)
  2 fungi (D:3)
  2 plants (D:3)
4 creatures vanquished.

Grand Total: 45 creatures vanquished

Notes
Turn   | Place    | Note
-------+----------+-------------------------------------------
     0 | D:1      | Exodus22XD the Minotaur Fighter began the quest for the
                  | Orb.
     0 | D:1      | Reached XP level 1. HP: 19/19 MP: 0/0
   241 | D:1      | Reached XP level 2. HP: 27/27 MP: 1/1
  1121 | D:2      | Reached XP level 3. HP: 20/33 MP: 2/2
  1772 | D:3      | Found a faded altar of an unknown god.
  1840 | D:3      | Reached XP level 4. HP: 34/40 MP: 3/3
  1846 | D:3      | Prayed at the altar of an unknown god.
  1846 | D:3      | Became a worshipper of Makhleb the Destroyer
  1846 | D:3      | Reached * piety under Makhleb
  1847 | D:3      | Quit the game

Illustrated notes

Levels and vault maps discovered:
D:1:      erik_arrival_triangle_large, layout_loops_ring, roderic_lattice_a,
          minmay_misc_feat_iff, minmay_split_cup_small
D:2:      layout_rooms
D:3:      layout_basic, dreamdust_ecumenical_altar_grove,
          chequers_serial_rivers_marsh

Skill      XL: |  1  2  3 |
---------------+----------+-----
Armour         | 4 |  4.7
Fighting       | 4 |  4.1
Shields        | 4 |  4.2
Axes           | 3 |  3.2
Dodging        | |  0.3

Action                   |  1- 3 |  4- 6 || total
-------------------------+-------+-------++-------
Melee: War axe           |    89 |       ||    89
       Headbutt          |     8 |       ||     8
  Use: Potion            |     1 |       ||     1
Armor: Scale mail        |    59 |       ||    59
Dodge: Dodged            |    42 |       ||    42
Block: Buckler           |    27 |       ||    27
